 Dungeon Sprint DCSS version 0.26-a0-652-gafc20e3620 (webtiles) character file.

Game seed: 6681420220010260766

352 rocky1 the Magician (level 6, -8/53 HPs)
             Began as a Gnoll Warper on Oct 4, 2020.
             Was a High Priest of Sif Muna.
             Killed from afar by a steam dragon (20 damage)
             ... with a ball of steam
             ... in the Dungeon (Sprint VII: "The Pits").
             The game lasted 00:07:39 (825 turns).

rocky1 the Magician (Gnoll Warper)                   Turns: 825, Time: 00:07:42

Health: -8/53      AC:  3    Str: 13    XL:     6   Next: 62%
Magic:  16/16      EV: 15    Int: 18    God:    Sif Muna [*****.]
Gold:   0          SH:  0    Dex: 14    Spells: 4/19 levels left

rFire    . . .     SeeInvis .   n - +0 long sword (flame)
rCold    . . .     Faith    .   (no shield)
rNeg     . . .     Spirit   .   b - +0 leather armour
rPois    .         Reflect  .   (no helmet)
rElec    .         Harm     .   (no cloak)
rCorr    .         Rampage  .   (no gloves)
MR       .....     NoTele   +   (no boots)
Stlth    +++.......             (no amulet)
HPRegen  0.17/turn              (no ring)
MPRegen  0.15/turn              (no ring)

@: no status effects
A: distributed training, fangs 1, strong nose
a: Channel Magic, Forget Spell, Divine Exegesis, Renounce Religion


You were in the Dungeon.
You worshipped Sif Muna.
Sif Muna was extremely pleased with you.
You visited 1 branch

Inventory:

Hand Weapons
 n - a +0 long sword of flaming (weapon)
Missiles
 e - 5 boomerangs of dispersal (quivered)
Armour
 b - a +0 leather armour (worn)
Scrolls
 d - 2 scrolls of blinking
 k - 3 scrolls of remove curse
 l - 5 scrolls of amnesia
 m - a scroll of summoning
Potions
 a - 2 potions of invisibility
 f - 6 potions of curing
 g - 3 potions of heal wounds
 h - a potion of haste
 i - 4 potions of magic
 j - 2 potions of berserk rage


   Skills:
 + Level 6.6 Fighting
 + Level 4.7 Short Blades
 + Level 6.6 Long Blades
 + Level 4.7 Axes
 + Level 4.7 Maces & Flails
 + Level 4.7 Polearms
 + Level 4.7 Staves
 + Level 4.7 Slings
 + Level 4.7 Bows
 + Level 4.7 Crossbows
 + Level 5.4 Throwing
 + Level 5.4 Armour
 + Level 6.6 Dodging
 + Level 4.7 Stealth
 + Level 4.7 Shields
 + Level 4.7 Unarmed Combat
 + Level 7.0 Spellcasting
 + Level 3.9 Conjurations
 + Level 3.9 Hexes
 + Level 3.9 Summonings
 + Level 3.9 Necromancy
 + Level 6.8 Translocations
 + Level 3.9 Transmutations
 + Level 3.9 Fire Magic
 + Level 3.9 Ice Magic
 + Level 3.9 Air Magic
 + Level 3.9 Earth Magic
 + Level 3.9 Poison Magic
 + Level 5.2 Invocations
 + Level 4.7 Evocations


You had 4 spell levels left.
You knew the following spells:

 Your Spells              Type           Power        Failure   Level
a - Blink                 Tloc           N/A          1%          2
b - Gell's Gravitas       Tloc           ####......   2%          3
c - Lesser Beckoning      Tloc           ####......   2%          3
d - Teleport Other        Tloc           ####....     2%          3
e - Passage of Golubria   Tloc           N/A          9%          4

Your spell library contained the following spells:

 Spells                   Type           Power        Failure   Level
 Call Imp                 Summ           ###.....     4%          2
 Ignite Poison            Fire/Tmut/Pois ###.....     8%          3
 Summon Ice Beast         Ice/Summ       ###.....     26%         4
 Spellforged Servitor     Conj/Summ      ###.......   100%        7
 Summon Horrible Things   Summ           ###.......   100%        8


Dungeon Overview and Level Annotations

Branches:
Dungeon (1/1)

Altars:
Ashenzari
Cheibriados
Dithmenos
Elyvilon
Fedhas
Gozag
Hepliaklqana
Kikubaaqudgha
Makhleb
Nemelex Xobeh
Okawaru
Qazlal
Ru
Sif Muna
Trog
Uskayaw
Vehumet
Wu Jian
Xom
Yredelemnul
Zin
The Shining One
Beogh
Jiyva
Lugonu


Innate Abilities, Weirdness & Mutations

Your experience applies equally to all skills.
You have very sharp teeth.
Your uncanny sense of smell can sniff out nearby items.


Message History

* * * LOW HITPOINT WARNING * * *
You feel much better.
You are engulfed in a cloud of scalding steam.
The steam dragon closely misses you. The steam dragon barely misses you.
You completely miss the steam dragon. Your punch misses the steam dragon.
The steam dragon is heavily wounded.
You are engulfed in a cloud of scalding steam.
The steam dragon barely misses you. The steam dragon misses you.
You hit the steam dragon but do no damage.
The steam dragon is heavily wounded.
You are engulfed in a cloud of scalding steam.
The steam dragon closely misses you. The steam dragon barely misses you.
You closely miss the steam dragon.
The steam dragon is heavily wounded.
The steam dragon bites you!
* * * LOW HITPOINT WARNING * * *
The steam dragon barely misses you. The steam dragon breathes steam at you.
The ball of steam hits you!!
You die...

#)#........##.......#
#)#........##.......#
#)###########.......#
#††)....# #########
#.†###..# #.......#
∆∆∆∆ ##.###.##+# ∆
#.......#D+ ∆
#..###..#@# ∆
#.......'.# ∆
###########


You could see a steam dragon (catching breath).

Vanquished Creatures
  A floating eye (D)
  A gnoll sergeant (D)
  A scorpion (D)
  A crimson imp (D)
  A worker ant (D)
  An adder (D)
  4 gnolls (D)
  2 river rats (D)
  A leopard gecko (D)
  An orc (D)
  A ball python (D)
  2 bats (D)
  A giant cockroach (D)
  3 jackals (D)
  A rat (D)
22 creatures vanquished.

Notes
Turn   | Place    | Note
-------+----------+-------------------------------------------
     0 | D        | rocky1 the Gnoll Warper began the quest for the Orb.
     0 | D        | Reached XP level 1. HP: 20/20 MP: 6/6
    47 | D        | Found a bloodstained altar of Trog.
    47 | D        | Found a shimmering blue altar of Sif Muna.
    47 | D        | Found a viscous altar of Jiyva.
    47 | D        | Found a hazy altar of Hepliaklqana.
    47 | D        | Found an opulent altar of Gozag.
    48 | D        | Found a glowing golden altar of the Shining One.
    48 | D        | Found a glowing silver altar of Zin.
    48 | D        | Found a basalt altar of Yredelemnul.
    48 | D        | Found a shimmering altar of Xom.
    48 | D        | Found an ornate altar of the Wu Jian Council.
    48 | D        | Found a sacrificial altar of Ru.
    48 | D        | Found a stormy altar of Qazlal.
    48 | D        | Found an iron altar of Okawaru.
    48 | D        | Found a sparkling altar of Nemelex Xobeh.
    48 | D        | Found a burning altar of Makhleb.
    48 | D        | Found a blossoming altar of Fedhas.
    48 | D        | Found a white marble altar of Elyvilon.
    48 | D        | Found a shadowy altar of Dithmenos.
    48 | D        | Found a snail-covered altar of Cheibriados.
    51 | D        | Found a corrupted altar of Lugonu.
    51 | D        | Found a radiant altar of Vehumet.
    51 | D        | Found a roughly hewn altar of Beogh.
    52 | D        | Found an ancient bone altar of Kikubaaqudgha.
    52 | D        | Found a hide-covered altar of Uskayaw.
    52 | D        | Found a broken altar of Ashenzari.
    53 | D        | Became a worshipper of Sif Muna the Loreminder
    72 | D        | Reached skill level 5 in Spellcasting
    72 | D        | Reached skill level 1 in Invocations
    73 | D        | Reached skill level 1 in Short Blades
    73 | D        | Reached skill level 1 in Axes
    73 | D        | Reached skill level 1 in Maces & Flails
    73 | D        | Reached skill level 1 in Polearms
    73 | D        | Reached skill level 1 in Staves
    73 | D        | Reached skill level 1 in Slings
    73 | D        | Reached skill level 1 in Bows
    73 | D        | Reached skill level 1 in Crossbows
    73 | D        | Reached skill level 1 in Stealth
    73 | D        | Reached skill level 1 in Shields
    73 | D        | Reached skill level 1 in Unarmed Combat
    73 | D        | Reached skill level 1 in Evocations
   217 | D        | Noticed a floating eye
   226 | D        | Reached * piety under Sif Muna
   226 | D        | Reached skill level 1 in Conjurations
   226 | D        | Reached skill level 1 in Hexes
   226 | D        | Reached skill level 1 in Summonings
   226 | D        | Reached skill level 1 in Necromancy
   226 | D        | Reached skill level 1 in Transmutations
   226 | D        | Reached skill level 1 in Fire Magic
   226 | D        | Reached skill level 1 in Ice Magic
   226 | D        | Reached skill level 1 in Air Magic
   226 | D        | Reached skill level 1 in Earth Magic
   226 | D        | Reached skill level 1 in Poison Magic
   226 | D        | Reached XP level 2. HP: 15/26 MP: 8/8
   366 | D        | Paralysed by a floating eye for 4 turns
   371 | D        | Killed a floating eye
   371 | D        | Reached skill level 5 in Fighting
   371 | D        | Reached skill level 5 in Long Blades
   371 | D        | Reached skill level 5 in Dodging
   371 | D        | Reached XP level 3. HP: 33/33 MP: 10/10
   371 | D        | Reached XP level 4. HP: 39/39 MP: 11/11
   371 | D        | Reached XP level 5. HP: 45/45 MP: 13/13
   480 | D        | Learned a level 2 spell: Blink
   484 | D        | Learned a level 3 spell: Gell's Gravitas
   488 | D        | Learned a level 3 spell: Lesser Beckoning
   492 | D        | Learned a level 3 spell: Teleport Other
   497 | D        | Learned a level 4 spell: Passage of Golubria
   502 | D        | Reached skill level 6 in Spellcasting
   503 | D        | Reached ** piety under Sif Muna
   591 | D        | Reached *** piety under Sif Muna
   591 | D        | Reached skill level 5 in Throwing
   591 | D        | Reached skill level 5 in Armour
   591 | D        | Reached XP level 6. HP: 48/52 MP: 11/15
   603 | D        | Reached **** piety under Sif Muna
   610 | D        | Reached ***** piety under Sif Muna
   641 | D        | Identified Sif Muna's Disquisition on Transformation and
                  | Creation (Sif Muna gifted it to you in the Dungeon)
   641 | D        | Received a gift from Sif Muna
   641 | D        | Reached skill level 5 in Invocations
   814 | D        | Reached skill level 7 in Spellcasting
   816 | D        | Noticed a steam dragon
   825 | D        | Killed from afar by a steam dragon

Illustrated notes

Levels and vault maps discovered:
D:        pitsprint [storerooms_1, entrance_room_1, metal_vault_3, armoury_2,
          mini_pit_1, grid_room_1, main_hall_1, silver_pit, the_coven_1,
          the_vestibule_1, steel_vault_4, golden_pit, hallway_of_sentries,
          crystal_vault_6, iron_vault_5, final_vault]

Skill      XL: |  1  2  3  4  5  6 |
---------------+-------------------+-----
Spellcasting   | 5 6 7 |  7.0
Invocations    | 1 3 4 5 |  5.2
Short Blades   | 1 3 4 |  4.7
Axes           | 1 3 4 |  4.7
Maces & Flails | 1 3 4 |  4.7
Polearms       | 1 3 4 |  4.7
Staves         | 1 3 4 |  4.7
Slings         | 1 3 4 |  4.7
Bows           | 1 3 4 |  4.7
Crossbows      | 1 3 4 |  4.7
Stealth        | 1 3 4 |  4.7
Shields        | 1 3 4 |  4.7
Unarmed Combat | 1 3 4 |  4.7
Evocations     | 1 3 4 |  4.7
Conjurations   | 1 2 3 |  3.9
Hexes          | 1 2 3 |  3.9
Summonings     | 1 2 3 |  3.9
Necromancy     | 1 2 3 |  3.9
Transmutations | 1 2 3 |  3.9
Fire Magic     | 1 2 3 |  3.9
Ice Magic      | 1 2 3 |  3.9
Air Magic      | 1 2 3 |  3.9
Earth Magic    | 1 2 3 |  3.9
Poison Magic   | 1 2 3 |  3.9
Fighting       | 5 6 |  6.6
Long Blades    | 5 6 |  6.6
Throwing       | 4 5 |  5.4
Armour         | 4 5 |  5.4
Dodging        | 5 6 |  6.6
Translocations | 6 |  6.8

Action                   |  1- 3 |  4- 6 || total
-------------------------+-------+-------++-------
Melee: Falchion          |    19 |    11 ||    30
       Bite              |     2 |     3 ||     5
       Long sword        |       |    43 ||    43
       Punch             |       |     2 ||     2
 Cast: Gell's Gravitas   |       |     1 ||     1
  Use: Potion            |     1 |     3 ||     4
 Stab: Sleeping          |     1 |     1 ||     2
Armor: Leather armour    |     2 |     9 ||    11
Dodge: Dodged            |     9 |    62 ||    71
       Rpst.: Falchion   |     3 |     4 ||     7
       Long sword        |       |    16 ||    16

Table legend: (Time is in decaauts)
 A = Elapsed time spent in this place.
 B = Non-inter-level travel time spent in this place.
 C = Inter-level travel time spent in this place.
 D = Time resting spent in this place.
 E = Time spent auto-exploring this place.
 F = Levels seen in this place.
 G = Mean time per level.
                   A        B        C        D        E       F      G
               +--------+--------+--------+--------+--------+-----+--------+
         Total |    834 |    834 |      0 |    532 |      0 |   1 |  834.0 |
       Dungeon |    834 |    834 |      0 |    532 |      0 |   1 |  834.0 |
               +--------+--------+--------+--------+--------+-----+--------+

Top non-repeatable levels by time:
       D: 834 daAuts
